 Dungeon Crawl Stone Soup version 0.25-a0-246-g58704a1 (webtiles) character file.

Game seed: 10843785966702900151, levelgen mode: deterministic

37 Blackhawk the Shield-Bearer (level 3, 0/30 HPs)
             Began as a Formicid Fighter on Dec 3, 2019.
             Succumbed to an adder's poison
             ... on level 1 of the Dungeon.
             The game lasted 00:01:12 (816 turns).

Blackhawk the Shield-Bearer (Formicid Fighter)       Turns: 816, Time: 00:01:13

Health: 0/30       AC:  7    Str: 21    XL:     3   Next: 62%
Magic:  3/3        EV:  8    Int:  7    God:
Gold:   14         SH:  9    Dex: 10    Spells: 2/2 levels left

rFire    . . .     SeeInvis +   a - +0 long sword
rCold    . . .     Gourm    .   c - +0 shield
rNeg     . . .     Faith    .   b - +0 scale mail
rPois    .         Spirit   .   (helmet unavailable)
rElec    .         Reflect  .   (no cloak)
rCorr    .         Harm     .   (no gloves)
MR       .....                  (no boots)
Stlth    ..........             (no amulet)
HPRegen  0.10/turn              (no ring)
MPRegen  0.08/turn              (no ring)

@: lethally poisoned (0 -> -4)
A: permanent stasis, dig shafts and tunnels, four strong arms, antennae 3
a: Dig, Shaft Self


You were on level 1 of the Dungeon.
You were not hungry.

You visited 1 branch of the dungeon, and saw 2 of its levels.

You collected 14 gold pieces.

Inventory:

Hand Weapons
 a - a +0 long sword (weapon)
Armour
 b - a +0 scale mail (worn)
 c - a +0 shield (worn)
Scrolls
 e - a scroll of identify {unknown}
Potions
 d - a potion of might
 h - a potion of curing {unknown}
Comestibles
 f - 2 rations
 g - 4 chunks of flesh


   Skills:
 + Level 3.7 Fighting
 + Level 2.5 Long Blades
 + Level 3.7 Armour
 + Level 4.1 Shields


You had 2 spell levels left.
You didn't know any spells.
Your spell library was empty.

Dungeon Overview and Level Annotations

Branches:
Dungeon (2/15)

Altars:


Innate Abilities, Weirdness & Mutations

You cannot be hasted, slowed, berserked, paralysed or teleported.
You can dig through walls and to a lower floor.
Your four strong arms can wield two-handed weapons with a shield.
You have a pair of large antennae on your head. (SInv)


Message History

You miss the adder.
The adder is severely wounded.
You block the leopard gecko's attack. The rat barely misses you.
You riposte.
You hit the rat but do no damage. The orc hits you but does no damage.
Your shield and scale mail prevent you from hitting the adder.
The adder is severely wounded.
* * * LOW HITPOINT WARNING * * *
You feel sick. The adder barely misses you.
The leopard gecko barely misses you. You block the rat's attack.
You block the adder's attack. The orc hits you but does no damage.
You block the leopard gecko's attack.
You completely miss the adder.
The adder is severely wounded.
The adder bites you but does no damage. The rat completely misses you.
The leopard gecko barely misses you.
You riposte.
You miss the leopard gecko. You block the orc's attack.
You block the adder's attack. The rat bites you but does no damage.
You closely miss the adder.
The adder is severely wounded.
You die...

##### ##############...#
##........^.......###
#.........###.o.....# ##
#..######...r@l.....#########.
#.)# #....S÷..........##.... #..#
#.#####....#####.##.##. #..# #.#
#....# #.#...#. #..# #.# #.#.##
#.)..... ####..#####.#####.#.###
###...#.
#.................#.#.#######.###
#.###.......#######..............
#.# #.###############..######.###


You could see an adder, an orc, a leopard gecko and a rat.

Vanquished Creatures
  An adder (D:1)
  An ooze (D:1)
  A dart slug (D:1)
  A giant cockroach (D:1)
  3 hobgoblins
  2 jackals (D:1)
  3 bats
  A frilled lizard (D:1)
  2 goblins (D:1)
  4 kobolds (D:1)
  4 rats (D:1)
23 creatures vanquished.

Notes
Turn   | Place    | Note
-------+----------+-------------------------------------------
     0 | D:1      | Blackhawk the Formicid Fighter began the quest for the Orb.
     0 | D:1      | Reached XP level 1. HP: 18/18 MP: 1/1
   149 | D:1      | Reached XP level 2. HP: 23/24 MP: 2/2
   357 | D:1      | Reached XP level 3. HP: 29/29 MP: 3/3
   502 | D:1      | Reached skill level 4 in Shields
   814 | D:1      | HP: 1/30 [poisoned by an adder]
   816 | D:1      | Succumbed to an adder's poison

Levels and vault maps discovered:
D:1:      psy_arrival_terrarium, layout_loops_ring, item_on_display_a
D:2:      layout_rooms, nicolae_ru_great_annihilating_truth,
          minmay_tetromino_s2, uniq_terence

Skill      XL: |  1  2  3 |
---------------+----------+-----
Shields        | 4 |  4.1
Fighting       | |  3.7
Long Blades    | |  2.5
Armour         | |  3.7

Action                   || total
-------------------------++-------
Melee: Long sword        ||    83
Armor: Scale mail        ||    50
Dodge: Dodged            ||    40
Block: Shield            ||    60
       Rpst.: Long sword ||    20

Table legend:
 A = Non-vault XP
 B = Vault XP
 C = Vault XP percentage of total XP
 D = Non-vault monster count
 E = Vault monster count
 F = Vault count percentage of total count
                 A         B        C        D         E       F
            +---------+---------+-------+---------+---------+-------
      Total |      54 |       0 |   0.0 |      23 |       0 |   0.0
            +---------+---------+-------+---------+---------+-------
        D:1 |      50 |       0 |   0.0 |      21 |       0 |   0.0
        D:2 |       4 |       0 |   0.0 |       2 |       0 |   0.0
            +---------+---------+-------+---------+---------+-------
